 Dungeon Crawl Stone Soup version 0.30-a0-137-gd8773701ce (webtiles) character file.

Game seed: 1937430228303670731

48 porpoise the Sneak (level 3, 0/29 HPs)
             Began as a Demonspawn Delver on Sept 24, 2022.
             Slain by an iron imp (5 damage)
             ... summoned by Eustachio
             ... on level 4 of the Dungeon.
             The game lasted 00:02:36 (378 turns).

porpoise the Sneak (Demonspawn Delver)               Turns: 378, Time: 00:02:38

Health: 0/29       AC:  3    Str: 14    XL:     3   Next: 50%
Magic:  3/3        EV: 11    Int: 11    God:
Gold:   7          SH:  0    Dex: 14    Spells: 2/2 levels left

rFire   . . .      SeeInvis .    a - +0 spear
rCold   . . .      Faith    .    (no shield)
rNeg    . . .      Spirit   .    b - +0 leather armour
rPois   .          Reflect  .    (no helmet)
rElec   .          Harm     .    (no cloak)
rCorr   .          Rampage  .    (no gloves)
Will    .....                    (no boots)
Stlth   ++........               (no amulet)
HPRegen 0.09/turn                (no ring)
MPRegen 0.08/turn                (no ring)

@: no status effects
A: demonic touch 1
a: no special abilities


You were on level 4 of the Dungeon.
You visited 1 branch of the dungeon, and saw 2 of its levels.

You collected 7 gold pieces.

Inventory:

Hand Weapons
 a - a +0 spear (weapon)
Armour
 b - a +0 leather armour (worn)
Wands
 g - a wand of digging (3)
Scrolls
 c - a scroll of fog
 d - a scroll of magic mapping
 e - a scroll of fear
Potions
 f - a potion of haste
 h - a potion of mutation {unknown}


   Skills:
 + Level 3.5 Fighting
 * Level 3.1 Polearms
 - Level 1.7 Dodging
 - Level 4.5 Stealth


You had 2 spell levels left.
You didn't know any spells.
Your spell library was empty.

Dungeon Overview and Level Annotations

Branches:
Dungeon (5/15)
 Temple: D:4-7

Altars:

Annotations:
D:4 Eustachio


Innate Abilities, Weirdness & Mutations

Your touch may inflict minor irresistible damage on your foes.


Message History

Found a fizzy green potion and 7 gold pieces.
There is a stone staircase leading down here.
Found a spear.
h - a fizzy green potion You now have 7 gold pieces.
A goblin comes into view. It is wielding a +0 club.
Found a scroll labelled YWKEORRUJIU.
Found a stone staircase leading down.
Found a scroll labelled MEKLOVU QODOXI.
Found a stone staircase leading up.
Eustachio the Magnificent comes into view.
He is wielding a +0 rapier.
Okay, then.
Found a chain mail.
There is a stone staircase leading up here.
You miss Eustachio. You closely miss Eustachio.
Eustachio hits you with a +0 rapier!
You barely miss Eustachio. Eustachio barely misses you.
You closely miss Eustachio.
You touch Eustachio!
Eustachio is moderately wounded.
Eustachio hits you with a +0 rapier.
You hit Eustachio.
Eustachio is moderately wounded.
Eustachio casts a spell.
You barely miss Eustachio.
You touch Eustachio.
Eustachio is heavily wounded.
Eustachio mumbles some strange words.
You hit Eustachio. Your touch misses Eustachio.
Eustachio is heavily wounded.
The iron imp barely misses you. Eustachio completely misses you.
The rat bites you.
You barely miss Eustachio.
Eustachio is heavily wounded.
The shadow imp hits you. Eustachio closely misses you. The iron imp hits you.
The rat bites you. The river rat closely misses you.
You hit Eustachio.
Eustachio is heavily wounded.
The shadow imp hits you.
* * * LOW HITPOINT WARNING * * *
Eustachio gestures wildly while chanting.
Eustachio blinks!
The iron imp hits you.
You die...

....#####..#...# ...
......##...#..# #...PP
......##.....?# ......
.##....#......### ......
....>......#....##......
......######............
......#####.............
...#.....#.....r§5......
...##.#...@..?.5@r......
........................
#...#...............#...
....#...............# ..
#.)...................
##.........##...[...#..
~~♣P~......##.#...###..
~♣~~~~♣♣~~###.##.... ..


PP~ ~~♣ ♣~♣ You could see Eustachio, an iron imp (summoned), a river rat
(summoned), a shadow imp (summoned) and a rat (summoned).

Vanquished Creatures
  A jelly (D:5)
  2 adders (D:5)
3 creatures vanquished.

Notes
Turn   | Place    | Note
-------+----------+-------------------------------------------
     0 | D:5      | porpoise the Demonspawn Delver began the quest for the Orb.
     0 | D:5      | Reached XP level 1. HP: 18/18 MP: 1/1
    26 | D:5      | Gained mutation: Your touch may inflict minor irresistible
                  | damage on your foes. [demonic ancestry]
    26 | D:5      | Reached XP level 2. HP: 10/24 MP: 2/2
   255 | D:5      | Reached XP level 3. HP: 22/29 MP: 3/3
   364 | D:4      | Noticed Eustachio
   378 | D:4      | Slain by an iron imp

Illustrated notes

Levels and vault maps discovered:
D:4:      layout_cave_pools, mainiacjoe_overflow_concentric_impassable,
          serial_bayou, serial_bayou_lake_a, serial_bayou_lagoon_a,
          serial_bayou_pond_e, serial_bayou_pond_c, uniq_eustachio
D:5:      layout_rooms, grunt_temple_overflow_forces_of_nature, st_stairs_9

Skill      XL: |  1  2 |
---------------+-------+-----
Polearms       | 2 3 |  3.1
Fighting       | |  3.5
Dodging        | |  1.7
Stealth        | |  4.5

Action                   || total
-------------------------++-------
Melee: Spear             ||    33
       Touch             ||     3
Armor: Leather armour    ||     7
Dodge: Dodged            ||    16

Table legend: (Time is in decaauts)
 A = Elapsed time spent in this place.
 B = Non-inter-level travel time spent in this place.
 C = Inter-level travel time spent in this place.
 D = Time resting spent in this place.
 E = Time spent auto-exploring this place.
 F = Levels seen in this place.
 G = Mean time per level.
                   A        B        C        D        E       F      G
               +--------+--------+--------+--------+--------+-----+--------+
         Total |    376 |    376 |      0 |    275 |      9 |   2 |  188.0 |
       Dungeon |    376 |    376 |      0 |    275 |      9 |   2 |  188.0 |
               +--------+--------+--------+--------+--------+-----+--------+

Top non-repeatable levels by time:
     D:5: 341 daAuts
     D:4: 35 daAuts
